 Dungeon Crawl Stone Soup version 0.31-a0-229-g1fc7ce93e2 (webtiles) character file.

Game seed: 17719787758891634144

70 qw the Shooter (level 4, -3/36 HPs)
             Began as a Minotaur Hexslinger on July 6, 2023.
             Slain by Grinder (4 damage)
             ... on level 3 of the Dungeon.
             The game lasted 00:00:35 (1051 turns).

qw the Shooter (Minotaur Hexslinger)                Turns: 1051, Time: 00:00:35

Health: -3/36      AC:  3    Str: 13    XL:     4   Next: 4%
Magic:  4/4        EV: 12    Int: 10    God:
Gold:   149        SH:  0    Dex: 14    Spells: 4/5 levels left

rFire   . . .        Y - +2 sling (freeze)
rCold   . . .        (no shield)
rNeg    . . .        e - +0 leather armour
rPois   .            (helmet restricted)
rElec   .            (no cloak)
rCorr   .            (no gloves)
SInv    .            (no boots)
Will    .....        (no amulet)
Stlth   +            (no ring)
HPRegen 0.26/turn    (no ring)
MPRegen 0.09/turn

%: no passive effects
@: no status effects
A: horns 2, retaliatory headbutt
a: no special abilities


You were on level 3 of the Dungeon.
You visited 1 branch of the dungeon, and saw 3 of its levels.

You collected 149 gold pieces.


Innate Abilities, Weirdness & Mutations

You have a pair of horns on your head.
You reflexively headbutt those who attack you in melee.


   Skills:
 - Level 2.0 Fighting
 + Level 4.5 Ranged Weapons
 - Level 2.1 Dodging
 - Level 1.0 Spellcasting
 - Level 2.0 Hexes


You had 4 spell levels left.
You knew the following spells:

 Your Spells              Type           Power      Damage    Failure   Level
a - Slow                  Hex            16%        N/A       19%         1

Your spell library contained the following spells:

 Spells                   Type           Power      Damage    Failure   Level
 Inner Flame              Hex/Fire       2%         N/A       65%         3
 Portal Projectile        Hex/Tloc       4%         N/A       65%         3
 Cause Fear               Hex            2%         N/A       88%         4

Inventory:

Hand Weapons
 Y - a +2 sling of freezing (weapon)
Armour
 e - a +0 leather armour (worn)
Scrolls
 b - a scroll of enchant weapon {unknown}
Potions
 a - a potion of magic {unknown}
 c - a potion of curing {unknown}
 g - a potion of lignification {unknown}
 i - a potion of attraction {unknown}
 j - a potion of might {unknown}

Dungeon Overview and Level Annotations

Branches:
Dungeon (3/15)

Altars:

Annotations:
D:3 Grinder


Message History

You shoot a sling bullet. The sling bullet hits Grinder.
Grinder is lightly wounded.
You shoot a sling bullet.
The sling bullet hits Grinder but does no damage.
Grinder is lightly wounded.
You shoot a sling bullet.
The sling bullet closely misses Grinder.
You shoot a sling bullet. The sling bullet barely misses Grinder.
Grinder blinks!
You shoot a sling bullet.
The sling bullet hits Grinder but does no damage.
Grinder is lightly wounded.
You shoot a sling bullet. The sling bullet hits Grinder.
Grinder is moderately wounded.
You shoot a sling bullet.
The sling bullet hits Grinder but does no damage.
Grinder is moderately wounded.
Grinder hits you!
You shoot a sling bullet. The sling bullet hits Grinder.
Grinder is heavily wounded.
Grinder blinks!
You shoot a sling bullet.
The sling bullet closely misses Grinder.
Grinder hits you.
You writhe in agony.
You shoot a sling bullet.
The sling bullet closely misses Grinder.
Grinder hits you.
You writhe in agony.
You shoot a sling bullet.
The sling bullet hits Grinder but does no damage.
Grinder is heavily wounded.
Grinder hits you!
You shoot a sling bullet. The sling bullet hits Grinder.
Grinder is heavily wounded.
Grinder barely misses you.
You shoot a sling bullet.
The sling bullet closely misses Grinder.
Grinder closely misses you. You furiously retaliate!
You headbutt Grinder! You shoot a sling bullet.
The sling bullet barely misses Grinder.
Grinder misses you. Grinder hits you.
You writhe in agony.
You die...

............###.#
#...............# <.
#...........#..# ...
#..............#####...
###.....................
#....).....##...........
..###<..................
.## #...................
## ##..........@......#
#####...........5#.....#
...................##...
.................### #.
................?#
.................#
.................#
.........#########
........##


You could see Grinder.

Vanquished Creatures
  An adder (D:2)
  6 ball pythons
  An endoplasm (D:1)
  A giant cockroach (D:2)
  5 goblins
  A hobgoblin (D:1)
  8 jackals
  6 quokkas
  10 bats
  6 frilled lizards
  7 kobolds
  6 rats
58 creatures vanquished.

Notes
Turn   | Place    | Note
-------+----------+-------------------------------------------
     0 | D:1      | qw the Minotaur Hexslinger began the quest for the Orb.
     0 | D:1      | Reached XP level 1. HP: 16/16 MP: 1/1
     0 | D:1      | 0 ||| qw: Version: 0.3-a-46-gb1f654a
     0 | D:1      | 0 ||| qw: Game counter: 1409
     0 | D:1      | 0 ||| qw: Melee chars always use a shield: true
     0 | D:1      | 0 ||| qw: God list: Okawaru
     0 | D:1      | 0 ||| qw: Allow faded altars: false
     0 | D:1      | 0 ||| qw: Do Orc after clearing Dungeon:15 true
     0 | D:1      | 0 ||| qw: Do second Lair branch before Depths: true
     0 | D:1      | 0 ||| qw: Lair rune preference: random
     0 | D:1      | 0 ||| qw: Goals: Normal
     0 | D:1      | 0 ||| PLANNING D:1-11
    22 | D:1      | 22 ||| FLEEEEING.
   104 | D:1      | Reached skill level 3 in Ranged Weapons
   105 | D:1      | Reached XP level 2. HP: 23/23 MP: 2/2
   311 | D:1      | 311 ||| SWAPPING to +2 sling of freezing.
   312 | D:1      | 312 ||| DROPPING +1 sling.
   381 | D:1      | Reached XP level 3. HP: 29/29 MP: 3/3
   649 | D:1      | 649 ||| UPGRADING to +0 leather armour.
   659 | D:1      | 659 ||| DROPPING +0 robe.
   660 | D:1      | 660 ||| READING scroll labelled MIJ GELOPLIDOSK.
   661 | D:1      | 661 ||| READING scroll labelled IPOCEE QEEPAAR.
   662 | D:1      | 662 ||| READING scroll labelled KEIMUG ONIASYI.
   663 | D:1      | 663 ||| DROPPING scroll of poison.
   695 | D:2      | Reached skill level 4 in Ranged Weapons
   865 | D:2      | Reached XP level 4. HP: 36/36 MP: 4/4
   953 | D:2      | 953 ||| READING scroll labelled PAESTR CEIHY.
  1017 | D:3      | Noticed Grinder
  1027 | D:3      | Paralysed by Grinder for 4 turns
  1048 | D:3      | HP: 2/36 [Grinder (9)]
  1051 | D:3      | Slain by Grinder

Levels and vault maps discovered:
D:1:      zelgadis_glass_arrival_small, layout_rooms, nrook_mini_vaults
D:2:      layout_rooms, minmay_misc_feat_four_crosses,
          kennysheep_generic_room_15
D:3:      layout_rooms, ebering_ghost_sewer_d, uniq_grinder

Skill      XL: |  1  2  3 |
---------------+----------+-----
Ranged Weapons | 3 4 |  4.5
Fighting       | 2 |  2.0
Dodging        | |  2.1
Spellcasting   | |  1.0
Hexes          | |  2.0

Action                     |  1- 3 |  4- 6 || total
---------------------------+-------+-------++-------
   Fire: Sling             |   100 |    25 ||   125
    Use: Scroll            |     3 |     1 ||     4
 Armour: Robe              |     4 |       ||     4
         Leather armour    |     1 |     1 ||     2
  Dodge: Dodged            |    12 |     4 ||    16

Table legend:
 A = Non-vault XP
 B = Vault XP
 C = Vault XP percentage of total XP
 D = Non-vault monster count
 E = Vault monster count
 F = Vault count percentage of total count
                 A         B        C        D         E       F
            +---------+---------+-------+---------+---------+-------
      Total |     101 |       0 |   0.0 |      58 |       0 |   0.0
            +---------+---------+-------+---------+---------+-------
        D:1 |      49 |       0 |   0.0 |      32 |       0 |   0.0
        D:2 |      48 |       0 |   0.0 |      23 |       0 |   0.0
        D:3 |       4 |       0 |   0.0 |       3 |       0 |   0.0
            +---------+---------+-------+---------+---------+-------
